AoeStats
← Jozz

Arabia

510575587Analyzed
1v1 RM · 2d ago on Oct 1, 2026· 46m 8s· 2 players
Game mode
Random Map
Map size
Tiny (2 player)
Population
200
Speed
Normal
Resources
Standard
Victory
Conquest
Starting age
Dark Age
Ending age
Imperial Age
RankedLock teamsTeams togetherTeam positionsShared explorationLock speedFull tech treeHidden civsTurbo modeCheats
Victory
Defeat
🇧🇪 Vietnamese · Belgium
1305
+17
🇫🇮 Britons · Finland
1319
-17
Jozz
5:50 Loom
9:06 Feudal Age
9:40 Double-Bit Axe
9:36 Horse Collar
11:38 Fletching
14:53 Padded Archer Armor
21:21 Castle Age
20:33 Wheelbarrow
21:58 Bodkin Arrow
21:24 Elite Skirmisher
23:10 Hand Cart
22:42 Town Watch
23:36 Bow Saw
23:28 Heavy Plow
25:08 Leather Archer Armor
25:58 Ballistics
27:05 Scale Mail Armor
34:52 Imperial Age
32:38 Gold Mining
32:39 Stone Mining
33:33 Squires
33:19 Arson
33:55 Chain Mail Armor
33:50 Forging
34:27 Thumb Ring
35:39 Bracer
35:03 Imperial Skirmisher
37:01 Chemistry
38:24 Ring Archer Armor
38:30 Elite Fire Lancer
40:19 Paper Money
40:50 Plate Mail Armor
40:56 Iron Casting
tenkane
7:13 Loom
9:59 Feudal Age
12:17 Double-Bit Axe
12:58 Town Watch
16:21 Fletching
16:31 Padded Archer Armor
23:02 Castle Age
21:46 Horse Collar
22:00 Gold Mining
23:26 Crossbowman
24:15 Scale Barding Armor
24:43 Forging
26:20 Bodkin Arrow
26:41 Leather Archer Armor
27:49 Wheelbarrow
30:38 Ballistics
31:52 Heavy Plow
32:06 Bow Saw
32:56 Iron Casting
33:44 Hand Cart
34:48 Treadmill Crane
37:16 Gold Shaft Mining
36:31 Stone Mining
40:12 Imperial Age
37:16 Light Cavalry
39:02 Masonry
38:47 Murder Holes
38:20 Man-at-Arms
38:45 Gambesons
39:08 Long Swordsman
39:48 Squires
39:34 Arson
39:51 Scale Mail Armor
41:05 Chain Mail Armor
42:06 Architecture
41:06 Arbalester
41:27 Two-Handed Swordsman
43:15 Bracer
43:45 Siege Engineers
45:19 Ring Archer Armor
45:55 Chemistry
Connection lost

Rejoining the realm…

Still unreachable

The connection could not be restored.

Session expired

The server has moved on; the page needs a fresh start.